 Dungeon Crawl Stone Soup version 0.17-a0-1596-g1e86911 (webtiles) character file.

26306 abixa the Severer (level 13, -5/116 HPs)
             Began as a Hill Orc Fire Elementalist on July 30, 2015.
             Was the Champion of Makhleb.
             Slain by an orc warrior
             ... wielding a +0 halberd
              (20 damage)
             ... in a bailey on July 31, 2015.
             The game lasted 02:00:54 (21907 turns).

abixa the Severer (Hill Orc Fire Elementalist)     Turns: 21907, Time: 02:00:54

Health: -5/116     AC:  9    Str: 12    XL:     13   Next: 25%
Magic:  4/23       EV: 11    Int: 19    God:    Makhleb [******]
Gold:   616        SH:  0    Dex: 11    Spells: 5 memorised, 11 levels left

rFire  + + .     SeeInvis .     a - +1 battleaxe
rCold  x . .     Clarity  .     P - +0 leather armour of the Slug {rF+ Stlth+} (curse)
rNeg   . . .     SustAt   .     (no shield)
rPois  +         Gourm    .     v - +2 helmet
rElec  .         Spirit   .     y - +0 cloak
rCorr  .         Warding  .     M - +1 pair of gloves
rMut   .         Stasis   .     (no boots)
MR     .....                    (no amulet)
Stlth  ++........               j - ring of poison resistance
                                S - ring of fire

@: not resistant to hostile enchantments, unstealthy
A: no striking features
a: Minor Destruction, Lesser Servant of Makhleb, Major Destruction, Greater
Servant of Makhleb, Renounce Religion


You were in a bailey.
You worshipped Makhleb.
Makhleb was exalted by your worship.
You were very hungry.

You visited 4 branches of the dungeon, and saw 16 of its levels.
You also visited: Bailey.

You collected 839 gold pieces.
You spent 223 gold pieces at shops.

Inventory:

Hand weapons
 a - a +1 battleaxe (weapon)
 b - a +2 halberd of freezing
Armour
 v - a +2 helmet (worn)
 y - a +0 cloak (worn)
 M - a +1 pair of gloves (worn)
 P - the cursed +0 leather armour of the Slug (worn) {rF+ Stlth+}
   (You found it on level 6 of the Dungeon)

   It protects you from fire.
   It makes you more stealthy.
   It has a curse placed upon it.
Jewellery
 f - an uncursed ring of flight
 j - a ring of poison resistance (right hand)
 R - an uncursed ring of ice
 S - a ring of fire (left hand)
 T - an uncursed ring of stealth
 U - the ring of Epuom {SustAt rElec SInv}
   (You found it on level 12 of the Dungeon)

   [ring of sustain attributes]

   It sustains your strength, intelligence and dexterity.
   It insulates you from electricity.
   It lets you see invisible.
Magical devices
 o - a wand of heal wounds (1)
 x - a wand of confusion (39)
 V - a wand of polymorph (7)
Scrolls
 i - 2 scrolls of teleportation
 t - 8 scrolls of remove curse
 w - 3 scrolls of immolation
Potions
 e - 6 potions of curing
 l - 2 potions of heal wounds
 C - a potion of agility
Comestibles
 c - 9 bread rations
 L - 18 fruits


   Skills:
 - Level 11.0 Fighting
 * Level 15.5 Axes
 - Level 1.5 Dodging
 - Level 1.5 Stealth
 - Level 7.0 Spellcasting
 - Level 10.0 Conjurations
 - Level 10.0 Fire Magic


You had 11 spell levels left.
You knew the following spells:

 Your Spells              Type           Power        Failure   Level  Hunger
a - Flame Tongue          Conj/Fire      #####        1%          1    None
b - Throw Flame           Conj/Fire      ######       1%          2    None
c - Conjure Flame         Conj/Fire      ######..     1%          3    #......
d - Sticky Flame          Conj/Fire      ######..     1%          4    ###....
e - Fireball              Conj/Fire      ######....   8%          5    #####..


Dungeon Overview and Level Annotations

Branches:
Dungeon (12/15)            Temple (1/1) D:4            Lair (2/8) D:8
    Orc (1/4) D:12

Altars:
Ashenzari
Cheibriados
Dithmenos
Elyvilon
Fedhas
Gozag
Kikubaaqudgha
Makhleb
Nemelex Xobeh
Okawaru
Qazlal
Ru
Sif Muna
Trog
Vehumet
Xom
Yredelemnul
Zin
The Shining One

Shops:
D:6 }?([   D:12 :

Annotations:
D:12 Erolcha
Lair:2 Erica


Message History

Drink which item? (? for menu, Esc to quit)
You feel much better. The orc knight hits you with a trident!
* * * LOW HITPOINT WARNING * * *
The orc warrior hits you from afar with a halberd.
* * * LOW HITPOINT WARNING * * *
Drink which item? (? for menu, Esc to quit)
You feel much better. The orc knight barely misses you.
The orc warrior hits you from afar with a halberd!
* * * LOW HITPOINT WARNING * * *
Your leather armour of the Slug prevents you from hitting the orc knight.
The orc knight is almost dead.
The orc knight barely misses you.
You barely miss the orc knight.
The orc knight is almost dead.
The orc warrior closely misses you. The orc knight hits you with a trident.
* * * LOW HITPOINT WARNING * * *
You hit the orc knight but do no damage.
The orc knight is almost dead.
The orc warrior hits you from afar with a halberd!!
You die...

#.).#
###'###
##.....##
#...)...#
#.......#
#...)...#
#o......#
#......[#
#@[.)...#
#.o))...#
#[).....#
#∩))[..∩#
#.).)...#
##..∩..##
#######


You could see an orc knight and an orc warrior (frenzied).

Vanquished Creatures
  Josephine (D:10)
  Harold (D:10)
  2 hydras (Lair:2)
  2 unseen horrors
  5 hill giants
  3 cyclopes
  2 black mambas
  The ghost of cireshan the Thaumaturge, an experienced DECj (D:6)
  Psyche (D:9)
  3 spiny frogs
  A komodo dragon (Lair:2)
  A gargoyle (D:11)
  A fire drake (Lair:1)
  4 trolls
  2 two-headed ogres (D:9)
  A trapdoor spider zombie (D:12)
  Sigmund (D:3)
  A shadow (D:12)
  4 wraiths
  A hungry ghost (D:10)
  20 yaks
  A deep elf fighter (D:8)
  A warg (D:12)
  A wyvern (D:12)
  A mottled dragon (D:11)
  2 deep elf magi (D:11)
  A basilisk (Lair:2)
  4 porcupines
  7 hippogriffs
  5 ice beasts
  13 orc warriors
  4 water moccasins
  6 ogres
  A wasp (D:9)
  A phantom (D:11)
  3 sky beasts
  5 centaurs
  12 giant frogs
  The ghost of cireshan the Conjurer, an average DECj of Sif Muna (D:3)
  6 crocodiles
  A wyvern skeleton (D:7)
  3 scorpions
  6 killer bees
  15 wights
  4 crimson imps
  2 giant frog zombies
  2 centaur zombies
  2 hounds (D:8)
  11 orc priests
  Ijyb (D:3)
  A giant frog skeleton (D:11)
  2 centaur skeletons
  4 iguanas
  15 orc wizards
  6 worker ants
  8 sheep
  3 hound skeletons
  A hound zombie (D:5)
  8 gnolls
  12 adders
  19 river rats
  3 shadow imps
  2 oozes
  2 adder skeletons
  2 worms
  3 giant geckos
  80 orcs
  2 ball pythons
  21 bats
  3 giant cockroaches
  11 goblins
  12 hobgoblins
  22 jackals
  6 quokkas
  A giant gecko skeleton (D:6)
  4 giant newts
  A jackal skeleton (D:7)
  12 kobolds
  A quokka skeleton (D:7)
  21 rats
468 creatures vanquished.

Vanquished Creatures (others)
  A giant frog (D:11)
  4 fungi
  A plant (D:8)
6 creatures vanquished.

Grand Total: 474 creatures vanquished

Notes
Turn   | Place    | Note
--------------------------------------------------------------
     0 | D:1      | abixa the Hill Orc Fire Elementalist began the quest for the Orb.
     0 | D:1      | Reached XP level 1. HP: 14/14 MP: 3/3
   370 | D:1      | Reached XP level 2. HP: 11/20 MP: 0/4
   782 | D:1      | Reached XP level 3. HP: 26/26 MP: 5/5
   835 | D:1      | Learned a level 2 spell: Throw Flame
  1360 | D:1      | Reached XP level 4. HP: 27/33 MP: 6/6
  1740 | D:2      | Found a basalt altar of Yredelemnul.
  1747 | D:2      | Found a shattered altar of Ashenzari.
  1751 | D:2      | Found a shadowy altar of Dithmenos.
  1752 | D:2      | Found a sparkling altar of Nemelex Xobeh.
  2025 | D:2      | Reached skill level 4 in Fire Magic
  2183 | D:2      | Reached XP level 5. HP: 27/38 MP: 3/7
  2289 | D:2      | Learned a level 3 spell: Conjure Flame
  2875 | D:3      | Reached skill level 5 in Fire Magic
  2921 | D:3      | Noticed cireshan's ghost (average DECj)
  2951 | D:3      | Killed cireshan's ghost
  2951 | D:3      | Reached XP level 6. HP: 34/45 MP: 0/8
  3362 | D:3      | Reached skill level 6 in Fire Magic
  3595 | D:3      | You fall through a shaft!
  3656 | D:3      | Noticed Sigmund
  4134 | D:4      | Found a staircase to the Ecumenical Temple.
  4143 | Temple   | Entered the Ecumenical Temple
  4587 | Temple   | Became a worshipper of Makhleb the Destroyer
  4893 | D:5      | Entered Level 5 of the Dungeon
  5256 | D:5      | Reached skill level 1 in Fighting
  5350 | D:5      | Reached XP level 7. HP: 52/52 MP: 6/10
  5776 | D:5      | Learned a level 4 spell: Sticky Flame
  6176 | D:5      | Found a sparkling altar of Nemelex Xobeh.
  6408 | D:6      | Found Adelekia's Magic Scroll Shop.
  6420 | D:6      | Bought a scroll of remove curse for 33 gold pieces
  6420 | D:6      | Bought a scroll of identify for 22 gold pieces
  6423 | D:6      | Found Uskaryiph's Antique Armour Boutique.
  6429 | D:6      | Bought a transparent leather armour for 168 gold pieces
  6439 | D:6      | Identified the +1 leather armour of the Earth {rPois MR- rCorr Dex+3} (You bought it in a shop on level 6 of the Dungeon)
  6466 | D:6      | Noticed cireshan's ghost (experienced DECj)
  6561 | D:6      | Reached skill level 5 in Conjurations
  6737 | D:3      | Killed Sigmund
  6737 | D:3      | Reached XP level 8. HP: 61/63 MP: 8/12
  6816 | D:3      | Noticed Ijyb
  6837 | D:3      | Killed Ijyb
  6996 | D:3      | Acquired Makhleb's first power
  7505 | D:6      | Killed cireshan's ghost
  7505 | D:6      | Reached skill level 7 in Conjurations
  7618 | D:6      | Found Tyetapn's Antique Weapon Boutique.
  7637 | D:6      | Got a shimmering leather armour
  7708 | D:6      | Identified the cursed +0 leather armour of the Slug {rF+ Stlth+} (You found it on level 6 of the Dungeon)
  7912 | D:6      | Found Eteaw Etra's Gadget Shoppe.
  7918 | D:6      | Reached skill level 5 in Fighting
  7955 | D:6      | Acquired Makhleb's second power
  8019 | D:6      | Reached skill level 8 in Conjurations
  8019 | D:6      | Reached XP level 9. HP: 62/74 MP: 4/13
  8987 | D:7      | Found a stormy altar of Qazlal.
  9238 | D:7      | Reached skill level 9 in Fire Magic
 10003 | D:8      | Found a blossoming altar of Fedhas.
 10267 | D:8      | Acquired Makhleb's third power
 10580 | D:8      | Reached XP level 10. HP: 55/86 MP: 11/14
 10707 | D:8      | Acquired Makhleb's fourth power
 10975 | D:8      | Found a staircase to the Lair.
 11598 | D:9      | Noticed Psyche
 11607 | D:9      | Killed Psyche
 11715 | D:9      | Found a glowing silver altar of Zin.
 11715 | D:9      | Found a glowing golden altar of the Shining One.
 12469 | D:9      | Reached skill level 5 in Spellcasting
 12786 | D:9      | Reached skill level 10 in Fighting
 12991 | D:10     | Entered Level 10 of the Dungeon
 13096 | D:10     | Noticed a hill giant
 13121 | D:10     | Killed a hill giant
 13121 | D:10     | Reached XP level 11. HP: 101/101 MP: 9/19
 13232 | D:10     | Noticed Josephine
 13244 | D:10     | Killed Josephine
 13497 | D:10     | Noticed a hill giant
 13501 | D:10     | Noticed Harold
 13620 | D:9      | Acquired Makhleb's fifth power
 13960 | D:10     | Noticed a hill giant
 13974 | D:10     | Killed a hill giant
 13974 | D:10     | Reached skill level 11 in Fighting
 14185 | D:10     | Reached skill level 1 in Axes
 14300 | D:10     | Killed a hill giant
 14422 | D:10     | Killed Harold
 14422 | D:10     | Reached skill level 10 in Fire Magic
 14528 | D:10     | Reached skill level 10 in Conjurations
 14548 | D:10     | Learned a level 5 spell: Fireball
 15254 | D:11     | Reached skill level 5 in Axes
 15873 | D:11     | Reached XP level 12. HP: 110/110 MP: 16/22
 17087 | D:11     | Reached skill level 10 in Axes
 17189 | D:12     | Found Amimpin's Book Shoppe.
 17629 | D:12     | Found a staircase to the Orcish Mines.
 17954 | D:12     | Noticed Erolcha
 18228 | D:12     | Reached skill level 12 in Axes
 18292 | D:12     | Got a fine amber ring
 18502 | Lair:1   | Entered Level 1 of the Lair of Beasts
 18651 | D:8      | Identified the ring of Epuom {SustAt rElec SInv} (You found it on level 12 of the Dungeon)
 18659 | D:8      | HP: 4/110 [black mamba (14)]
 19130 | Lair:1   | Reached skill level 13 in Axes
 19967 | Lair:2   | Noticed a four-headed hydra
 19980 | Lair:2   | Killed a four-headed hydra
 19980 | Lair:2   | Reached skill level 14 in Axes
 19980 | Lair:2   | Reached XP level 13. HP: 116/116 MP: 8/23
 20579 | Lair:2   | Noticed a six-headed hydra
 20605 | Lair:2   | Killed a six-headed hydra
 20616 | Lair:2   | Reached skill level 15 in Axes
 20758 | Lair:2   | Noticed Erica
 21318 | Orc:1    | Entered Level 1 of the Orcish Mines
 21362 | Orc:1    | Found a flagged portal.
 21377 | Bailey   | Entered a bailey
 21899 | Bailey   | HP: 3/116 [orc warrior/halberd (28)]
 21902 | Bailey   | HP: 1/116 [orc warrior/halberd (20)]
 21907 | Bailey   | Slain by an orc warrior

Vault maps used:
D:1:      dpeg_arrival_chase, eino_curves_04
D:2:      minitemple
D:3:      minmay_misc_feat_chi, uniq_sigmund, uniq_iyjb
D:4:      minmay_temple_entry_overgrown, first_bread
D:5:      nemelex_dance_club_becter
D:6:      serial_shops, shop_statue, nicolae_shop_crystal, shop, shop,
          kennysheep_potato
D:7:      lemuel_crystal_altar
D:8:      grunt_lair_entry_elf_guard_hut, hangedman_tree_tricks
D:9:      gammafunk_temple_overflow_elements, uniq_psyche
D:10:     uniq_josephine, uniq_harold
D:12:     david_orc_3, serial_shops, nicolae_shop_crystal, uniq_erolcha
Temple:   minmay_temple_forest_path_12
Lair:1:   serial_bayou_lagoon_a, serial_bayou_crossing, grunt_megastairs_4
Lair:2:   grunt_megastairs_3, uniq_erica
Orc:1:    enter_bailey_5, rock_pile, uniq_nergalle, uniq_fannar
Bailey:   bailey_polearm_5, bailey

Action                   |  1- 3 |  4- 6 |  7- 9 | 10-12 | 13-15 || total
-------------------------+-------+-------+-------+-------+-------++-------
Melee: Unarmed           |    10 |       |       |       |       ||    10
       Spear             |    59 |   204 |    10 |       |       ||   273
       Trident           |       |       |   310 |   152 |       ||   462
       Halberd           |       |       |       |   202 |     4 ||   206
       Battleaxe         |       |       |       |   120 |   111 ||   231
Throw: Stone             |       |    13 |    11 |     6 |       ||    30
 Cast: Flame Tongue      |    24 |    73 |   176 |   309 |    20 ||   602
       Throw Flame       |       |     2 |     2 |     9 |     4 ||    17
       Conjure Flame     |       |     4 |     5 |    41 |     3 ||    53
       Sticky Flame      |       |       |     7 |    48 |     9 ||    64
       Fireball          |       |       |       |     5 |    10 ||    15
  Use: Scroll            |       |       |     8 |     5 |     2 ||    15
       Potion            |       |       |       |     3 |     5 ||     8
 Stab: Sleeping          |     4 |     4 |     8 |     7 |       ||    23
       Distracted        |       |       |     1 |     4 |       ||     5
  Eat: Chunk             |     1 |    14 |    18 |    39 |     7 ||    79
       Royal jelly       |       |     1 |       |       |       ||     1
       Fruit             |       |       |     1 |     1 |     2 ||     4
